 Dungeon Crawl Stone Soup version 0.17.1-1-g73c8601 (webtiles) character file.

58 Kartoffel the Cudgeler (level 3, -2/29 HPs)
             Began as a Demonspawn Fighter on Dec 22, 2015.
             Slain by an orc wizard
             ... wielding a +0 dagger
              (3 damage)
             ... on level 3 of the Dungeon.
             The game lasted 00:03:12 (1395 turns).

Kartoffel the Cudgeler (Demonspawn Fighter)         Turns: 1395, Time: 00:03:12

Health: -2/29      AC:  7    Str: 22    XL:     3   Next: 76%
Magic:  3/3        EV:  7    Int:  9    God:
Gold:   47         SH: 10    Dex: 12    Spells: 0 memorised, 2 levels left

rFire  . . .     SeeInvis .     a - +0 flail
rCold  . . .     Clarity  .     p - +0 scale mail
rNeg   . . .     SustAt   .     c - +1 shield
rPois  +         Gourm    .     (helmet restricted)
rElec  .         Spirit   .     (no cloak)
rCorr  .         Warding  .     (no gloves)
rMut   .         Stasis   .     g - +0 pair of boots
MR     .....                    (no amulet)
Stlth  ..........               (no ring)
                                h - ring of poison resistance

@: mighty, not resistant to hostile enchantments, extremely unstealthy
A: antennae 1, demonic guardian 1
a: no special abilities


You were on level 3 of the Dungeon.
You were hungry.

You visited 1 branch of the dungeon, and saw 3 of its levels.

You collected 47 gold pieces.

Inventory:

Hand Weapons
 a - a +0 flail (weapon)
Missiles
 i - 96 stones (quivered)
Armour
 c - a +1 shield (worn)
 g - a +0 pair of boots (worn)
 p - a +0 scale mail (worn)
Jewellery
 h - a ring of poison resistance (left hand)
Scrolls
 l - a scroll of identify {unknown}
 n - a scroll of amnesia {unknown}
Potions
 f - a potion of agility {unknown}
 j - a potion of magic {unknown}
 o - 2 potions of curing {unknown}
 q - 3 potions of heal wounds {unknown}
Comestibles
 b - 3 fruits
 e - 2 bread rations
 k - 2 beef jerkies
 m - a royal jelly


   Skills:
 - Level 3.1 Fighting
 * Level 3.6 Maces & Flails
 - Level 2.7 Armour
 - Level 2.7 Shields


You had 2 spell levels left.
You didn't know any spells.

Dungeon Overview and Level Annotations

Branches:
Dungeon (3/15)

Altars:
Gozag
Qazlal
Ru
Yredelemnul

Annotations:
D:3 lehmann155's ghost, amateur DsGl


Innate Abilities, Weirdness & Mutations

You have a pair of small antennae on your head.
A weak demonic guardian rushes to your aid.


Message History

Something hits you but does no damage.
You hit lehmann155's ghost but do no damage.
Something hits you but does no damage. You block lehmann155's ghost's attack.
Something hits you but does no damage. x2
Lehmann155's ghost hits you but does no damage.
Your shield and scale mail prevent you from hitting lehmann155's ghost.
Something hits you but does no damage. You block its attack.
You hear some strange, mumbled words.
A magic dart appears from out of thin air!
The magic dart hits you! Lehmann155's ghost hits you!
* * * LOW HITPOINT WARNING * * *
Something hits you but does no damage.
You are too injured to fight recklessly!
You are too injured to fight recklessly!
You are too injured to fight recklessly!
Unknown command.
Drink which item? (? for menu, Esc to quit)
You feel very mighty all of a sudden. Something hits you.
You die...

..........
#......
#.#...###
#....<..#
#####.#.#
#.......#
#.###...#
#..(..#
#.##@.#
#..W{{#
###.).#
....#
......
........
.########
#.


You could see lehmann155's ghost.

Vanquished Creatures
  2 giant geckos
  An orc (D:3)
  3 bats
  A giant cockroach (D:2)
  5 goblins
  7 hobgoblins
  4 kobolds
  4 giant newts
  6 rats
33 creatures vanquished.

Vanquished Creatures (collateral kills)
  An orc priest (D:3)
1 creature vanquished.

Vanquished Creatures (others)
  4 toadstools (D:1)
4 creatures vanquished.

Grand Total: 38 creatures vanquished

Notes
Turn   | Place    | Note
--------------------------------------------------------------
     0 | D:1      | Kartoffel the Demonspawn Fighter began the quest for the Orb.
     0 | D:1      | Reached XP level 1. HP: 18/18 MP: 1/1
   174 | D:1      | Gained mutation: You have a pair of small antennae on your head. [demonic ancestry]
   174 | D:1      | Reached XP level 2. HP: 24/24 MP: 2/2
   709 | D:2      | Found a basalt altar of Yredelemnul.
   964 | D:2      | Found a sacrificial altar of Ru.
  1203 | D:2      | Found a stormy altar of Qazlal.
  1206 | D:2      | Found an opulent altar of Gozag.
  1231 | D:2      | Gained mutation: A weak demonic guardian rushes to your aid. [demonic ancestry]
  1231 | D:2      | Reached XP level 3. HP: 29/29 MP: 3/3
  1384 | D:3      | Noticed lehmann155's ghost (amateur DsGl)
  1394 | D:3      | HP: 1/29 [lehmann155's ghost (8)]
  1395 | D:3      | Slain by an orc wizard

Action                   || total
-------------------------++-------
Melee: Flail             ||   111
Throw: Stone             ||     1
  Use: Scroll            ||     5
       Potion            ||     1
  Eat: Fruit             ||     1
